TOP OF THE 1ST |
Erie Jaxx batting - Pitching for Cincinnati Pride : RHP Sam Mathis
|
Pitching: RHP Sam Mathis
|
|
Batting: RHB Shane Marshall
|
0-0: Fly out, F8 (Line Drive, 8RD)
|
Batting: LHB Joe Kent
|
0-0: Ball 1-0: Swinging Strike 1-1: Ball 2-1: Bunt for hit - play at first, batter OUT! 1-3
|
Batting: RHB Ed Keesee
|
0-0: Called Strike 0-1: Ball 1-1: Fly out, F9 (Flyball, 89M)
|
Top of the 1st over - 0 run(s), 0 hit(s), 0 error(s), 0 left on base; Erie 0 - Cincinnati 0 |
BOTTOM OF THE 1ST |
Cincinnati Pride batting - Pitching for Erie Jaxx : RHP Steve Bigham
|
Pitching: RHP Steve Bigham
|
|
Batting: SHB Jaime Martínez
|
0-0: Ball 1-0: Called Strike 1-1: Fly out, F7 (Flyball, 7LMF)
|
Batting: LHB Paco Córdova
|
0-0: Ball 1-0: Ball 2-0: Ball 3-0: Base on Balls
|
Batting: LHB John Clark
|
0-0: Ball 1-0: Called Strike 1-1: 2-RUN HOME RUN (Flyball, 89XD), Distance : 433 ft
|
Batting: RHB Roger Rush
|
0-0: Called Strike 0-1: DOUBLE (Line Drive, 3D)
|
Batting: LHB Ángel Tuzzi
|
0-0: Ball 1-0: Ball 2-0: Called Strike 2-1: Ground out 1-3 (Groundball, P) Roger Rush to third
|
Batting: RHB Bartolo Montero
|
0-0: Called Strike 0-1: Ball 1-1: Foul Ball, location: 2F 1-2: Ball 2-2: Strikes out swinging
|
Bottom of the 1st over - 2 run(s), 2 hit(s), 0 error(s), 1 left on base; Erie 0 - Cincinnati 2 |
TOP OF THE 2ND |
Erie Jaxx batting - Pitching for Cincinnati Pride : RHP Sam Mathis
|
Batting: RHB Ángel Serrano
|
0-0: Ball 1-0: SINGLE (Groundball, 4MD)
|
Batting: RHB Edgardo Castro
|
0-0: Ground out 6-3 (Groundball, 6S) Ángel Serrano to second
|
Batting: RHB Andrés Silva
|
0-0: Ball 1-0: Ball 2-0: Called Strike 2-1: Called Strike 2-2: Foul Ball, location: 2F 2-2: Strikes out swinging
|
Batting: RHB Danny Morrison
|
0-0: Ball 1-0: Swinging Strike 1-1: Foul Ball, location: 2F 1-2: Ball 2-2: SINGLE (Flyball, 8LS) Ángel Serrano to third
|
Batting: RHB Miguel Sánchez
|
0-0: Ground out 5-3 (Groundball, 5S)
|
Top of the 2nd over - 0 run(s), 2 hit(s), 0 error(s), 2 left on base; Erie 0 - Cincinnati 2 |
BOTTOM OF THE 2ND |
Cincinnati Pride batting - Pitching for Erie Jaxx : RHP Steve Bigham
|
Batting: RHB Francis Land
|
0-0: Ball 1-0: Foul Ball, location: 2F 1-1: Ball 2-1: Foul Ball, location: 2F 2-2: Ball 3-2: Base on Balls
|
Batting: RHB Pete Woods
|
0-0: Swinging Strike 0-1: Foul Ball, location: 2F 0-2: Strikes out looking
|
Batting: RHB Gary Miller
|
0-0: Fly out, F8 (Flyball, 8LS)
|
Batting: SHB Jaime Martínez
|
0-0: Ball 1-0: Ground out 4-3 (Groundball, 34)
|
Bottom of the 2nd over - 0 run(s), 0 hit(s), 0 error(s), 1 left on base; Erie 0 - Cincinnati 2 |
TOP OF THE 3RD |
Erie Jaxx batting - Pitching for Cincinnati Pride : RHP Sam Mathis
|
Batting: RHB James Richardson
|
0-0: Ball 1-0: Swinging Strike 1-1: Ball 2-1: Foul Ball, location: 2F 2-2: Ball 3-2: Foul Ball, location: 2F 3-2: Base on Balls
|
Batting: RHB Shane Marshall
|
0-0: Foul Ball, location: 2F 0-1: Ball 1-1: Ball 2-1: Swinging Strike 2-2: Ball 3-2: Strikes out looking
|
Batting: LHB Joe Kent
|
0-0: Swinging Strike 0-1: Ball 1-1: Swinging Strike 1-2: Ball 2-2: Foul Ball, location: 2F 2-2: Strikes out swinging
|
Batting: RHB Ed Keesee
|
0-0: Ball 1-0: Called Strike 1-1: Ball 2-1: Ball 3-1: SINGLE (Line Drive, 4D) James Richardson to second Runner from 2nd tries for 3rd, SAFE, throw made to third
|
Batting: RHB Ángel Serrano
|
0-0: Called Strike 0-1: Ball 1-1: Ball 2-1: Ball 3-1: Ground out 6-3 (Groundball, 56)
|
Top of the 3rd over - 0 run(s), 1 hit(s), 0 error(s), 2 left on base; Erie 0 - Cincinnati 2 |
BOTTOM OF THE 3RD |
Cincinnati Pride batting - Pitching for Erie Jaxx : RHP Steve Bigham
|
Batting: LHB Paco Córdova
|
0-0: Ball 1-0: Ball 2-0: DOUBLE (Line Drive, 89XD)
|
Batting: LHB John Clark
|
0-0: Foul Ball, location: 2F 0-1: Ball 1-1: Swinging Strike 1-2: Foul Ball, location: 2F 1-2: Strikes out swinging
|
Batting: RHB Roger Rush
|
0-0: Called Strike 0-1: Ball 1-1: Ball Wild Pitch! Paco Córdova to third 2-1: Foul Ball, location: 2F 2-2: Strikes out swinging
|
Batting: LHB Ángel Tuzzi
|
0-0: Called Strike 0-1: Ball 1-1: Ball 2-1: Called Strike 2-2: SINGLE (Line Drive, 4MD) Paco Córdova scores
|
Batting: RHB Bartolo Montero
|
0-0: Ball 1-0: Foul Ball, location: 2F 1-1: Called Strike 1-2: SINGLE (Line Drive, 6M) Ángel Tuzzi to second
|
Batting: RHB Francis Land
|
0-0: Called Strike 0-1: Swinging Strike 0-2: Ball 1-2: Strikes out looking
|
Bottom of the 3rd over - 1 run(s), 3 hit(s), 0 error(s), 2 left on base; Erie 0 - Cincinnati 3 |
TOP OF THE 4TH |
Erie Jaxx batting - Pitching for Cincinnati Pride : RHP Sam Mathis
|
Batting: RHB Edgardo Castro
|
0-0: Called Strike 0-1: Ball 1-1: Fly out, F7 (Flyball, 7)
|
Batting: RHB Andrés Silva
|
0-0: Swinging Strike 0-1: Hit by Pitch
|
Batting: RHB Danny Morrison
|
0-0: Called Strike 0-1: Ball 1-1: Swinging Strike 1-2: Foul Ball, location: 2F 1-2: Strikes out swinging
|
Batting: RHB Miguel Sánchez
|
0-0: Called Strike 0-1: Ball 1-1: Ball 2-1: Ground out U3 (Groundball, 34)
|
Top of the 4th over - 0 run(s), 0 hit(s), 0 error(s), 1 left on base; Erie 0 - Cincinnati 3 |
BOTTOM OF THE 4TH |
Cincinnati Pride batting - Pitching for Erie Jaxx : RHP Steve Bigham
|
Batting: RHB Pete Woods
|
0-0: Ball 1-0: Ball 2-0: Ball 3-0: Base on Balls
|
Batting: RHB Gary Miller
|
0-0: Ball 1-0: Called Strike 1-1: Foul Ball, location: 2F 1-2: Ball 2-2: Fly out, F8 (Flyball, 8LD)
|
Batting: SHB Jaime Martínez
|
0-0: Ball 1-0: Ball 2-0: Fly out, F8 (Flyball, 8RM)
|
Batting: LHB Paco Córdova
|
0-0: Ball 1-0: Ball 2-0: Called Strike 2-1: Swinging Strike 2-2: Ball 3-2: Strikes out looking
|
Bottom of the 4th over - 0 run(s), 0 hit(s), 0 error(s), 1 left on base; Erie 0 - Cincinnati 3 |
TOP OF THE 5TH |
Erie Jaxx batting - Pitching for Cincinnati Pride : RHP Sam Mathis
|
Batting: RHB James Richardson
|
0-0: Foul Ball, location: 2F 0-1: Foul Ball, location: 2F 0-2: Foul Ball, location: 2F 0-2: Strikes out swinging
|
Batting: RHB Shane Marshall
|
0-0: Ball 1-0: Ball 2-0: Ball 3-0: Called Strike 3-1: Foul Ball, location: 2F 3-2: Base on Balls
|
Batting: LHB Joe Kent
|
0-0: Ball 1-0: Swinging Strike 1-1: Foul Ball, location: 2F 1-2: Ball 2-2: Foul Ball, location: 2F 2-2: Ground out U3 (Groundball, 3) Shane Marshall to second
|
Batting: RHB Ed Keesee
|
0-0: Foul Ball, location: 2F 0-1: Ball 1-1: Ball 2-1: Ball 3-1: Swinging Strike 3-2: Foul Ball, location: 2F 3-2: Base on Balls
|
Pitching: RHP Andrew Gil
|
|
Batting: RHB Ángel Serrano
|
0-0: Ball 1-0: Foul Ball, location: 2F 1-1: Ball 2-1: Ball 3-1: Foul Ball, location: 2F 3-2: Base on Balls Shane Marshall to third Ed Keesee to second
|
Batting: RHB Edgardo Castro
|
0-0: Ball 1-0: Called Strike 1-1: Ball 2-1: Called Strike 2-2: Strikes out looking
|
Top of the 5th over - 0 run(s), 0 hit(s), 0 error(s), 3 left on base; Erie 0 - Cincinnati 3 |
BOTTOM OF THE 5TH |
Cincinnati Pride batting - Pitching for Erie Jaxx : RHP Steve Bigham
|
Batting: LHB John Clark
|
0-0: Foul Ball, location: 2F 0-1: Foul Ball, location: 2F 0-2: SINGLE (Groundball, 4MD)
|
Batting: RHB Roger Rush
|
0-0: Ball 1-0: Ball 2-0: Ball 3-0: Base on Balls John Clark to second
|
Batting: LHB Ángel Tuzzi
|
0-0: Called Strike 0-1: Fielders Choice at 2nd, 3-6 (Groundball, 3) John Clark to third
|
Pitching: RHP Bill Dundon
|
|
Batting: RHB Bartolo Montero
|
0-0: Called Strike Ángel Tuzzi steals 2nd base 0-1: Ball 1-1: Ball 2-1: Foul Ball, location: 2F 2-2: Ball 3-2: Foul Ball, location: 2F 3-2: Base on Balls
|
Batting: RHB Francis Land
|
0-0: Called Strike 0-1: Called Strike 0-2: Foul Ball, location: 2F 0-2: Foul Ball, location: 2F 0-2: Foul Ball, location: 2F 0-2: Ball 1-2: Ball 2-2: Grounds into fielders choice 3-2 (Groundball, 3S) Ángel Tuzzi to third Bartolo Montero to second
|
Batting: RHB Pete Woods
|
0-0: Called Strike 0-1: Fly out, F9 (Flyball, 9LS)
|
Bottom of the 5th over - 0 run(s), 1 hit(s), 0 error(s), 3 left on base; Erie 0 - Cincinnati 3 |
TOP OF THE 6TH |
Erie Jaxx batting - Pitching for Cincinnati Pride : RHP Andrew Gil
|
Batting: RHB Andrés Silva
|
0-0: Called Strike 0-1: Ball 1-1: Hit by Pitch
|
Batting: RHB Danny Morrison
|
0-0: Called Strike 0-1: Fly out, F9 (Flyball, 89S)
|
Batting: RHB Miguel Sánchez
|
0-0: Called Strike 0-1: SINGLE (Groundball, 56D) Andrés Silva to second
|
Batting: RHB James Richardson
|
0-0: Ball 1-0: Fly out, F7 (Flyball, 7S)
|
Batting: RHB Shane Marshall
|
0-0: Called Strike 0-1: Fielders Choice at 2nd, 4-6 (Groundball, 4)
|
Top of the 6th over - 0 run(s), 1 hit(s), 0 error(s), 1 left on base; Erie 0 - Cincinnati 3 |
BOTTOM OF THE 6TH |
Cincinnati Pride batting - Pitching for Erie Jaxx : RHP Bill Dundon
|
Batting: RHB Gary Miller
|
0-0: Ground out 4-3 (Groundball, 4)
|
Batting: SHB Jaime Martínez
|
0-0: Ball 1-0: Ball 2-0: Ball 3-0: Base on Balls
|
Batting: LHB Paco Córdova
|
0-0: Called Strike 0-1: Ball 1-1: Called Strike 1-2: Grounds into double play, 6-4-3 (Groundball, 6)
|
Bottom of the 6th over - 0 run(s), 0 hit(s), 0 error(s), 0 left on base; Erie 0 - Cincinnati 3 |
TOP OF THE 7TH |
Erie Jaxx batting - Pitching for Cincinnati Pride : RHP Andrew Gil
|
Batting: LHB Joe Kent
|
0-0: Ball 1-0: Ball 2-0: Foul Ball, location: 2F 2-1: Fly out, F9 (Flyball, 9)
|
Batting: RHB Ed Keesee
|
0-0: Ball 1-0: Ground out 6-3 (Groundball, 6)
|
Batting: RHB Ángel Serrano
|
0-0: Foul Ball, location: 2F 0-1: Foul Ball, location: 2F 0-2: Ball 1-2: Foul Ball, location: 2F 1-2: Foul Ball, location: 2F 1-2: Foul Ball, location: 2F 1-2: SINGLE (Groundball, 56D)
|
Batting: RHB Edgardo Castro
|
0-0: Swinging Strike 0-1: Ball 1-1: Called Strike 1-2: Strikes out looking
|
Top of the 7th over - 0 run(s), 1 hit(s), 0 error(s), 1 left on base; Erie 0 - Cincinnati 3 |
BOTTOM OF THE 7TH |
Cincinnati Pride batting - Pitching for Erie Jaxx : RHP Bill Dundon
|
Batting: LHB John Clark
|
0-0: Ball 1-0: Fly out, F6 (Line Drive, 6)
|
Batting: RHB Roger Rush
|
0-0: Ball 1-0: Foul Ball, location: 2F 1-1: SINGLE (Groundball, 6MD)
|
Batting: LHB Ángel Tuzzi
|
0-0: Called Strike 0-1: Swinging Strike 0-2: Strikes out swinging Roger Rush steals 2nd base Batter strikes out.
|
Batting: RHB Bartolo Montero
|
0-0: Ball 1-0: Ball 2-0: Foul Ball, location: 2F 2-1: Ball 3-1: Called Strike 3-2: Base on Balls
|
Batting: RHB Francis Land
|
0-0: Called Strike 0-1: Ball 1-1: Foul Ball, location: 2F 1-2: Strikes out looking
|
Bottom of the 7th over - 0 run(s), 1 hit(s), 0 error(s), 2 left on base; Erie 0 - Cincinnati 3 |
TOP OF THE 8TH |
Erie Jaxx batting - Pitching for Cincinnati Pride : RHP Andrew Gil
|
Batting: RHB Andrés Silva
|
0-0: Called Strike 0-1: Swinging Strike 0-2: Ball 1-2: Ball 2-2: Foul Ball, location: 2F 2-2: Strikes out swinging
|
Pitching: LHP Ángel Árias
|
|
Batting: RHB Danny Morrison
|
0-0: Called Strike 0-1: Ball 1-1: Ball 2-1: SINGLE (Flyball, 89S)
|
Pitching: RHP Basilio Bea
|
|
Batting: RHB Miguel Sánchez
|
0-0: SINGLE (Groundball, 4D) Danny Morrison to second Runner from 2nd tries for 3rd, SAFE, throw made to third
|
Batting: RHB James Richardson
|
0-0: Foul Ball, location: 2F 0-1: Called Strike 0-2: Strikes out looking
|
Batting: RHB Shane Marshall
|
0-0: Ball 1-0: Swinging Strike 1-1: Ball 2-1: Swinging Strike 2-2: Strikes out swinging
|
Top of the 8th over - 0 run(s), 2 hit(s), 0 error(s), 2 left on base; Erie 0 - Cincinnati 3 |
BOTTOM OF THE 8TH |
Cincinnati Pride batting - Pitching for Erie Jaxx : RHP Bill Dundon
|
Batting: RHB Pete Woods
|
0-0: Foul Ball, location: 2F 0-1: Ball 1-1: Foul Ball, location: 2F 1-2: Foul Ball, location: 2F 1-2: Foul Ball, location: 2F 1-2: Ball 2-2: Foul Ball, location: 2F 2-2: Ball 3-2: Ground out U3 (Groundball, 34)
|
Batting: RHB Gary Miller
|
0-0: Ball 1-0: Swinging Strike 1-1: Foul Ball, location: 2F 1-2: Foul Ball, location: 2F 1-2: Strikes out swinging passed ball, reaches first!
|
Batting: SHB Jaime Martínez
|
0-0: Ball 1-0: Ball 2-0: Ball Wild Pitch! Gary Miller to second 3-0: Base on Balls
|
Batting: LHB Paco Córdova
|
0-0: Called Strike 0-1: Ball 1-1: Ball 2-1: DOUBLE (Line Drive, 9LD) Gary Miller scores Jaime Martínez to third Runner from 3rd tries for Home, SAFE, no throw
|
Batting: LHB John Clark
|
0-0: Fly out, F5 (Line Drive, 56S)
|
Batting: RHB Roger Rush
|
0-0: 2-RUN HOME RUN (Flyball, 89XD), Distance : 415 ft
|
Batting: LHB Ángel Tuzzi
|
0-0: Ball 1-0: Called Strike 1-1: Ball 2-1: Swinging Strike 2-2: Ball 3-2: DOUBLE (Flyball, 7)
|
Pitching: RHP Jorge Ríos
|
|
Batting: RHB Bartolo Montero
|
0-0: Fly out, F5 (Line Drive, 5L)
|
Bottom of the 8th over - 4 run(s), 3 hit(s), 0 error(s), 1 left on base; Erie 0 - Cincinnati 7 |
TOP OF THE 9TH |
Erie Jaxx batting - Pitching for Cincinnati Pride : RHP Basilio Bea
|
Now at 2B: Matt Cole
|
|
Now in LF: José Antonio Delgado
|
|
Batting: LHB Joe Kent
|
0-0: Ball 1-0: SOLO HOME RUN (Flyball, 9D), Distance : 424 ft
|
Batting: RHB Ed Keesee
|
0-0: Swinging Strike 0-1: Ball 1-1: SINGLE (Line Drive, 6M)
|
Batting: RHB Ángel Serrano
|
0-0: Ball 1-0: Ball 2-0: Ball 3-0: Called Strike 3-1: Foul Ball, location: 2F 3-2: Foul Ball, location: 2F 3-2: Base on Balls Ed Keesee to second
|
Batting: RHB Edgardo Castro
|
0-0: Called Strike 0-1: Ball 1-1: Grounds into double play, 6-4-3 (Groundball, 6) Ed Keesee to third
|
Batting: RHB Andrés Silva
|
0-0: Swinging Strike 0-1: Ball 1-1: Ground out 5-3 (Groundball, 5)
|
Top of the 9th over - 1 run(s), 2 hit(s), 0 error(s), 1 left on base; Erie 1 - Cincinnati 7 |
|